Zazza, neutral female human Tourist ------ |....| |<...| |.....############# ------ # #f@ f Zazza the Rambler Experience level: 1 Strength: 10 Dexterity: 10 Constitution: 14 Intelligence: 12 Wisdom: 10 Charisma: 18 Health: 0(10) Energy: 2(2) Def: 9 Gold: 562 Moves: 2216 Dungeon seed: hpguhPEJ7XD5GUhU Game ID: Zazza_1619419206 Your Inventory: Coins $ - 562 gold pieces Weapons a - 28 blessed +2 darts Armor n - an uncursed +0 Hawaiian shirt (being worn) r - an uncursed +0 cloak of magic resistance (being worn) t - an uncursed +0 dunce cap u - an uncursed +0 pair of gauntlets of dexterity v - an uncursed +0 pair of kicking boots (being worn) y - a blessed +1 elven mithril-coat (being worn) z - a cursed -4 pair of levitation boots N - a blessed +0 pair of gauntlets of dexterity (being worn) Y - an uncursed +0 pair of kicking boots Comestibles b - 8 uncursed food rations d - an uncursed tripe ration Scrolls g - 4 uncursed scrolls of magic mapping B - an uncursed scroll of identify C - a blessed scroll of confuse monster Spellbooks k - an uncursed spellbook of fireball x - an uncursed spellbook of healing Potions e - an uncursed potion of extra healing f - a blessed potion of extra healing m - a cursed potion of invisibility A - an uncursed potion of paralysis Rings j - an uncursed +1 ring of gain constitution Wands D - a wand of light (0:14) Tools h - an expensive camera (0:51) i - an uncursed credit card Gems q - an uncursed worthless piece of blue glass Spells and supernatural/magical abilities: Name Level Category Fail Memory W - pray for help -- divine ? -- Your skills at the end: Fighting Skills Weapon Skills dart [Basic] Spellcasting Skills Final Attributes: You were nominally aligned. You were magic-protected. You were lucky. You are dead. Vanquished creatures: a giant rat a gecko 8 jackals 2 kobolds a goblin a sewer rat 2 grid bugs 3 lichens a kobold zombie 6 newts 26 creatures vanquished. Voluntary challenges: You were vegetarian. You had been an atheist until turn 1896. You never hit with a wielded weapon. You read items or engraved 4 times, starting on turn 706. You never genocided any monsters. You never polymorphed an object. You never changed form. You used no wishes. You never split a pudding. You wrote Elbereth's name 1 time, starting on turn 1957. You never violated your personal moral code. Dungeon overview: The Dungeons of Doom: levels 1 to 5 Level 1 a sink a long staircase Level 2 an armor shop, a fountain, a sink stairs to The Gnomish Mines Level 3 a fountain Level 4 an altar to Blind Io Level 5 <- You were here The Gnomish Mines: Level 3 stairs to The Dungeons of Doom History has recorded: On T:1 you entered the Dungeons of Doom to retrieve the Amulet of Yendor! On T:607 you reached level 2 of The Dungeons of Doom. On T:649 you reached level 1 of The Gnomish Mines. On T:1354 you reached level 3 of The Dungeons of Doom. On T:1844 you reached level 4 of The Dungeons of Doom. On T:2180 you reached level 5 of The Dungeons of Doom. Score breakdown: Gold: 447 ( 9018 points) Experience: 1 level ( 0 points) Exploration: 5 levels ( 9.80%) ( 8485 points) Discoveries: 5 items ( 1.68%) ( 3885 points) Valuables value: (no points given unless you survive) Artifact value: 0 ( 0 points) Variety of kills: 10 monsters ( 2.62%) ( 4860 points) Turncount: 2216 turns ( -152 points) Survival: died (score multiplied by 80%) Total score: 20876 Latest messages: You displace Armand. With great effort you move the boulder. You have a little trouble lifting $ - 34 gold pieces. You stop. Armand is in the way! The door resists! The door opens. You kill the newt! You have a little trouble lifting $ - 89 gold pieces. You stop. Armand is in the way! You displace Armand. Where do you want to travel to? You hear some noises. You are beginning to feel hungry. You displace Armand. You fall down the stairs. That food really hit the spot! You finish eating the food ration. You displace Armand. You hear bubbling water. You displace Armand. You hear water falling on coins. Armand bites! (3x) You die... Final status: Aloha Zazza the Tourist, killed by a large cat called "Armand"... You died in The Dungeons of Doom on dungeon level 5 with 20876 points, and 562 pieces of gold, after 2216 moves. You were level 1 with a maximum of 10 hit points when you died.